 Dungeon Crawl Stone Soup version 0.21-a0-59-g7b0e191 (webtiles) character file.

2270 Ijustatesigmund the Skirmisher (level 9, -1/66 HPs)
             Began as an Octopode Assassin on June 16, 2017.
             Killed from afar by a gargoyle (18 damage)
             ... with a stone arrow
             ... on level 11 of the Dungeon.
             The game lasted 00:14:23 (5233 turns).

Ijustatesigmund the Skirmisher (Octopode Assassin)  Turns: 5233, Time: 00:14:24

Health: -1/66      AC:  6    Str: 10    XL:     9   Next: 38%
Magic:  9/9        EV: 16    Int: 14    God:
Gold:   340        SH:  0    Dex: 16    Spells: 8/8 levels left

rFire    . . .     SeeInvis .   s - +1 dagger (elec)
rCold    . . .     Gourm    .   (no shield)
rNeg     . . .     Faith    .   (helmet restricted)
rPois    .         Spirit   .   (no amulet)
rElec    .         Reflect  .   r - +5 ring of protection
rCorr    .         Harm     .   (no ring)
MR       .....                  (no ring)
Stlth    +++++.....             (no ring)
HPRegen  0.21/turn              (no ring)
MPRegen  0.11/turn              (no ring)
                                (no ring)
                                (no ring)

@: no status effects
A: almost no armour, stealthy swim, amphibious, 8 rings, constrict 8, camouflage
1, gelatinous body 1
a: no special abilities


You were on level 11 of the Dungeon.
You were not hungry.

You visited 2 branches of the dungeon, and saw 10 of its levels.

You collected 340 gold pieces.

Inventory:

Hand Weapons
 a - a +2 dagger
 b - a +1 blowgun
 j - a +0 vampiric short sword
 s - a +1 dagger of electrocution (weapon)
Missiles
 c - 28 poisoned needles
 d - 2 curare-tipped needles
 k - 3 tomahawks of returning (quivered)
 B - a throwing net
Jewellery
 n - an uncursed amulet of faith
 r - a +5 ring of protection (left tentacle)
 v - an uncursed ring of ice
Wands
 q - a wand of confusion (15/48)
Scrolls
 e - 2 scrolls of teleportation
 m - 4 scrolls of identify
 o - a scroll of fog
 p - a scroll of recharging
 t - a scroll of immolation
 u - 6 scrolls of remove curse
 x - a scroll of enchant weapon
Potions
 l - 3 potions of curing
 w - a potion of flight
 A - a potion of brilliance
Books
 g - a book of Callings

   Spells                             Type                      Level
   a - Summon Small Mammal            Summoning                    1
   b - Call Imp                       Summoning                    2
   c - Call Canine Familiar           Summoning                    3
   d - Summon Guardian Golem          Hexes/Summoning              3
   e - Summon Lightning Spire         Summoning/Air                4
   f - Summon Ice Beast               Ice/Summoning                4
 y - a book of Debilitation

   Spells                             Type                      Level
   a - Corona                         Hexes                        1
   b - Slow                           Hexes                        2
   c - Inner Flame                    Hexes/Fire                   3
   d - Portal Projectile              Hexes/Translocation          3
   e - Cause Fear                     Hexes                        4
   f - Leda's Liquefaction            Hexes/Earth                  4
Comestibles
 f - 4 bread rations
 h - 5 fruits
 i - 4 meat rations


   Skills:
 + Level 7.9 Fighting
 + Level 7.7 Short Blades
 - Level 2.0 Throwing
 + Level 4.7 Dodging
 - Level 7.4 Stealth


You had 8 spell levels left.
You didn't know any spells.

Dungeon Overview and Level Annotations

Branches:
Dungeon (11/15)            Temple (1/1) D:7
   Lair: D:8-11         Orc: D:9-12

Altars:
Cheibriados
Dithmenos
Fedhas
Gozag
Hepliaklqana
Kikubaaqudgha
Makhleb
Nemelex Xobeh
Qazlal
Ru
Sif Muna
Trog
Uskayaw
Vehumet
Wu Jian
Xom
Zin
The Shining One


Innate Abilities, Weirdness & Mutations

You cannot wear most types of armour.
You are very stealthy in the water. (Stealth+)
You are amphibious.
You can wear up to eight rings at the same time.
You can use your tentacles to constrict eight enemies at once.
Your skin changes colour to match your surroundings (Stealth+).
Your rubbery body absorbs attacks. (AC +1, EV +1)


Message History

You hit the gargoyle but do no damage.
The gargoyle is moderately damaged.
You constrict the gargoyle, but do no damage.
The gargoyle hits you with a mace!
* * * LOW HITPOINT WARNING * * *
You hit the gargoyle but do no damage.
The gargoyle is moderately damaged.
You constrict the gargoyle. You hit the gargoyle but do no damage.
The gargoyle is moderately damaged.
You constrict the gargoyle. The gargoyle hits you with a mace!
* * * LOW HITPOINT WARNING * * *
You hit the gargoyle but do no damage.
You squeeze the gargoyle, but do no damage.
The gargoyle is heavily damaged.
You constrict the gargoyle, but do no damage.
You feel much better.
You constrict the gargoyle.
The gargoyle hurls a stone arrow at you.
The stone arrow hits you!
You die...

##################
.................#
...........>....@#
####...#########9#
# ##### #.# # #.#
# ..# # ..# # #.#
#.#


You could see a gargoyle.

Vanquished Creatures
  A two-headed ogre (D:7)
  The ghost of HAL9000 the Cudgeler, an amateur OgHu (D:4)
  Grinder (D:6)
  An orc warrior (D:6)
  A necrophage (D:7)
  3 ogres
  2 bullfrogs (D:6)
  A scorpion (D:6)
  A howler monkey (D:10)
  A quasit (D:6)
  A bullfrog zombie (D:11)
  A gnoll shaman (D:6)
  2 orc priests
  An iguana (D:5)
  An orc wizard (D:6)
  6 worker ants
  4 gnolls (D:6)
  A howler monkey skeleton (D:6)
  7 adders
  2 oozes
  An adder skeleton (D:6)
  3 dart slugs
  4 leopard geckos
  9 orcs
  A ball python (D:3)
  6 giant cockroaches
  5 goblins
  7 hobgoblins
  6 jackals
  11 kobolds
  A quokka (D:3)
  10 bats
  7 frilled lizards
  A giant cockroach zombie (D:5)
  9 rats
120 creatures vanquished.

Notes
Turn   | Place    | Note
-------+----------+-------------------------------------------
     0 | D:1      | Ijustatesigmund the Octopode Assassin began the quest for the Orb.
     0 | D:1      | Reached XP level 1. HP: 14/14 MP: 1/1
   209 | D:1      | Reached XP level 2. HP: 14/20 MP: 2/2
   528 | D:1      | Reached XP level 3. HP: 25/25 MP: 3/3
  1419 | D:2      | Found a sacrificial altar of Ru.
  1469 | D:2      | Reached XP level 4. HP: 31/31 MP: 4/4
  2286 | D:4      | Noticed HAL9000's ghost (amateur OgHu)
  2310 | D:4      | Killed HAL9000's ghost
  2310 | D:4      | Reached XP level 5. HP: 20/38 MP: 5/5
  2310 | D:4      | Reached XP level 6. HP: 23/44 MP: 6/6
  2832 | D:4      | Reached XP level 7. HP: 49/49 MP: 7/7
  2895 | D:5      | Entered Level 5 of the Dungeon
  3056 | D:5      | Reached skill level 5 in Fighting
  3065 | D:5      | Reached skill level 5 in Short Blades
  3506 | D:6      | Noticed Grinder
  3515 | D:6      | Killed Grinder
  3515 | D:6      | Reached XP level 8. HP: 57/57 MP: 8/8
  3557 | D:6      | Found an ancient bone altar of Kikubaaqudgha.
  4181 | D:6      | Found an ornate altar of the Wu Jian Council.
  4182 | D:6      | Found a sparkling altar of Nemelex Xobeh.
  4530 | D:7      | Found a staircase to the Ecumenical Temple.
  4537 | Temple   | Entered the Ecumenical Temple
  4715 | D:7      | Noticed a two-headed ogre
  4724 | D:7      | Killed a two-headed ogre
  4724 | D:7      | Reached XP level 9. HP: 20/64 MP: 9/9
  5009 | D:7      | You fall through a shaft for 3 floors!
  5009 | D:10     | Entered Level 10 of the Dungeon
  5152 | D:11     | Noticed a green ugly thing
  5175 | D:11     | Noticed a purple ugly thing
  5210 | D:11     | Noticed a gargoyle
  5231 | D:11     | HP: 2/65 [gargoyle/mace (13)]
  5233 | D:11     | Killed from afar by a gargoyle

Vault maps used:
D:1:      shiori_arrival_maze
D:2:      nicolae_overflow_hidden_temple
D:4:      first_bread, minmay_misc_feat_iff
D:6:      gammafunk_temple_overflow_wave, nicolae_overflow_crystal_walls,
          uniq_grinder
D:7:      lemuel_doored_altar, minmay_temple_entry_trees, uniq_prince_ribbit1
D:10:     blue_anna_alchemist
D:11:     due_lair_maze_entry_diamond, serial_shops, shop,
          minmay_misc_feat_plants, lemuel_blue_sif_altar, uniq_grum,
          uniq_gastronok, uniq_sonja
Temple:   eino_narrow_crystal_temple

Skill      XL: |  1  2  3  4  5  6  7  8 |
---------------+-------------------------+-----
Fighting       | 3 4 5 7 |  7.9
Short Blades   | 3 4 5 7 |  7.7
Stealth        | 6 7 |  7.4
Dodging        | 4 |  4.7
Throwing       | |  2.0

Action                   |  1- 3 |  4- 6 |  7- 9 || total
-------------------------+-------+-------+-------++-------
Melee: Dagger            |    59 |    78 |   139 ||   276
       Constrict         |    12 |    12 |    25 ||    49
       Tentacles         |     3 |    11 |    27 ||    41
  Use: Scroll            |     8 |     2 |     4 ||    14
       Potion            |       |     7 |     8 ||    15
 Stab: Sleeping          |    18 |    13 |    11 ||    42
       Distracted        |       |       |     1 ||     1
  Eat: Chunk             |       |     3 |       ||     3
       Bread ration      |       |     2 |       ||     2
       Fruit             |       |     2 |       ||     2
       Royal jelly       |       |     1 |     1 ||     2
Armor: Skin              |     3 |     9 |    26 ||    38
Dodge: Dodged            |    22 |    29 |    76 ||   127
